Zazza, neutral female human Tourist -------- |.......####################### --------------- |......| |.............| |......-################ #........<.....| |......| # ------------- #--------------- ---|---- ### |`.........`. #### # # |..... ....| # # `## |...-----...- # # # |...|.{.|...| # # ##-..`.{.{|`..| # # |...|.{.|...| # # |...-----....######## # ### ......`.....|##########`##### @ # |`.........`|# ### -.-.-Z --|---------- --.---------- # |...-# |.^.........| ###|..>| |.......!.... #.^..| ------------- ----- Zazza the Rambler Experience level: 1 Strength: 15 Dexterity: 11 Constitution: 17 Intelligence: 12 Wisdom: 7 Charisma: 18 Health: 0(17) Energy: 3(3) Def: 6 Gold: 1176 Moves: 2609 Dungeon seed: 93CaiUYM9Upz-S3f Game ID: Zazza_1619704850 Your Inventory: Coins $ - 1176 gold pieces Weapons a - 21 +2 darts Armor e - an uncursed +0 Hawaiian shirt (being worn) r - a cursed +0 elven mithril-coat (being worn) N - a cursed -1 orcish helm (being worn) Y - an uncursed +0 pair of low boots (being worn) Comestibles b - 2 uncursed food rations c - 5 uncursed tripe rations g - an uncursed orange t - an uncursed lichen corpse C - an uncursed food ration Scrolls i - 2 blessed scrolls of magic mapping j - 3 uncursed scrolls of magic mapping Spellbooks d - an uncursed spellbook of light Potions h - 2 uncursed potions of extra healing s - a blessed potion of see invisible u - an uncursed potion of monster detection M - an uncursed potion of sleeping Rings H - a cursed ring of hunger Wands Q - a wand of polymorph (0:3) Tools k - an uncursed skeleton key m - an expensive camera (0:48) Gems n - an uncursed worthless piece of black glass q - an uncursed worthless piece of yellowish brown glass y - 2 uncursed jasper stones Spells and supernatural/magical abilities: Name Level Category Fail Memory l - light 1 divination 100% 98% W - pray for help -- divine ? -- Your skills at the end: Fighting Skills Weapon Skills dart [Basic] Spellcasting Skills Final Attributes: You were nominally aligned. You saw invisible. You were lucky. You are dead. Vanquished creatures: a kobold lord an iguana an acid blob 3 coyotes a gas spore a hobbit a large kobold a hobgoblin 3 giant rats 2 cave spiders a yellow mold 2 gnome zombies 2 geckos a jackal a fox a kobold a goblin a sewer rat 12 grid bugs 2 lichens 2 kobold zombies 5 newts 46 creatures vanquished. Voluntary challenges: You never hit with a wielded weapon. You read items or engraved 12 times, starting on turn 3. You never genocided any monsters. You never polymorphed an object. You never changed form. You used no wishes. You never split a pudding. You wrote Elbereth's name 5 times, starting on turn 1643. You never violated your personal moral code. Dungeon overview: The Dungeons of Doom: levels 1 to 7 Level 1 a fountain a long staircase Level 2 an altar to Offler Level 3 a fountain stairs to The Gnomish Mines Level 4 a general store Level 5 a scroll shop Level 6 <- You were here many fountains Level 7 The Gnomish Mines: Level 4 stairs to The Dungeons of Doom History has recorded: On T:1 you entered the Dungeons of Doom to retrieve the Amulet of Yendor! On T:1 you reached level 2 of The Dungeons of Doom. On T:803 you reached level 3 of The Dungeons of Doom. On T:1212 you reached level 1 of The Gnomish Mines. On T:1244 you reached level 4 of The Dungeons of Doom. On T:1342 you reached level 5 of The Dungeons of Doom. On T:2183 you reached level 6 of The Dungeons of Doom. On T:2225 you reached level 7 of The Dungeons of Doom. Score breakdown: Gold: 622 ( 9505 points) Experience: 1 level ( 0 points) Exploration: 7 levels ( 14.29%) (10606 points) Discoveries: 7 items ( 2.35%) ( 4597 points) Valuables value: (no points given unless you survive) Artifact value: 0 ( 0 points) Variety of kills: 22 monsters ( 5.77%) ( 7208 points) Turncount: 2609 turns ( -393 points) Survival: died (score multiplied by 80%) Total score: 25218 Latest messages: You hit the newt. You miss the newt. The newt bites! You hit the newt. You kill the newt! The cave spider bites! You miss the cave spider. The cave spider misses. You miss the cave spider. The cave spider bites! You hit the cave spider. The cave spider bites! You hit the cave spider. The cave spider bites! You kill the cave spider! You are beginning to feel hungry. You hit the orc zombie. (2x) The orc zombie hits! You hit the orc zombie. You miss the orc zombie. You hit the orc zombie. (2x) You miss the orc zombie. You hit the orc zombie. You miss the orc zombie. (2x) The orc zombie hits! You die... Final status: Aloha Zazza the Tourist, killed by an orc zombie... You died in The Dungeons of Doom on dungeon level 6 with 25218 points, and 1176 pieces of gold, after 2609 moves. You were level 1 with a maximum of 17 hit points when you died.